 Dungeon Crawl Stone Soup version 0.31-a0-4-gefa6de2278 (webtiles) character file.

Game seed: 10800225027648100466

5 notmuch the Grave Robber (level 1, -1/13 HPs)
             Began as a Human Necromancer on May 5, 2023.
             Slain by a quokka (4 damage)
             ... on level 1 of the Dungeon.
             The game lasted 00:06:06 (197 turns).

notmuch the Grave Robber (Human Necromancer)         Turns: 197, Time: 00:06:07

Health: -1/13      AC:  2    Str:  8    XL:     1   Next: 88%
Magic:  0/3        EV: 12    Int: 15    God:
Gold:   21         SH:  0    Dex: 13    Spells: 3/4 levels left

rFire   . . .        (no weapon)
rCold   . . .        (no shield)
rNeg    . . .        a - +0 robe
rPois   .            (no helmet)
rElec   .            (no cloak)
rCorr   .            (no gloves)
SInv    .            (no boots)
Will    .....        (no amulet)
Stlth   ++           (no ring)
HPRegen 0.22/turn    (no ring)
MPRegen 0.08/turn

%: no passive effects
@: no status effects
A: no striking features
a: no special abilities


You were on level 1 of the Dungeon.
You visited 1 branch of the dungeon, and saw 1 of its levels.

You collected 21 gold pieces.

Inventory:

Hand Weapons
 c - a +0 dagger
Missiles
 f - 8 stones
Armour
 a - a +0 robe (worn)
 e - a +0 robe
Potions
 b - a potion of magic
 d - a potion of curing
 g - a potion of might {unknown}


   Skills:
 + Level 2.0 Dodging
 + Level 2.1 Stealth
 + Level 2.0 Spellcasting
 + Level 4.2 Necromancy


You had 3 spell levels left.
You knew the following spells:

 Your Spells              Type           Power      Damage    Failure   Level
a - Necrotise             Necr           56%        1d6       4%          1

Your spell library contained the following spells:

 Spells                   Type           Power      Damage    Failure   Level
 Vampiric Draining        Necr           14%        2d7       12%         3
 Animate Dead             Necr           14%        N/A       36%         4
 Agony                    Necr           14%        N/A       73%         5


Dungeon Overview and Level Annotations

Branches:
Dungeon (1/15)

Altars:


Message History

The frilled lizard writhes in agony.
You kill the frilled lizard!
The dead are walking!
The bat hits you but does no damage. x2
The bat closely misses you.
Aiming: Necrotise (safe; 4% risk of failure)
Press: ? - help, Q - select action, (/) - cycle Shift-Dir - straight line, f - bat
Aim: a bat (ally target, chance to affect: 84%)
The bat barely resists.
The bat barely misses you.
Your frilled lizard skeleton closely misses the bat.
Aiming: Necrotise (safe; 4% risk of failure)
Press: ? - help, Q - select action, (/) - cycle Shift-Dir - straight line, f/p - bat
Aim: a bat (ally target, chance to affect: 84%)
The bat writhes in agony.
You kill the bat!
The dead are flying!
Your frilled lizard skeleton completely misses the quokka.
The quokka bites your frilled lizard skeleton.
Your bat skeleton hits the quokka.
Your frilled lizard skeleton barely misses the quokka.
Your bat skeleton hits the quokka but does no damage.
Your bat skeleton barely misses the quokka.
Your bat skeleton hits the quokka but does no damage.
The quokka bites you.
Your bat skeleton hits the quokka.
The quokka attacks as you move away! The quokka bites you.
Your bat skeleton hits the quokka but does no damage.
Your bat skeleton closely misses the quokka.
The quokka bites you.
You don't have enough magic to cast this spell.
You don't have enough magic to cast this spell.
The quokka attacks as you move away! The quokka bites you.
* * * LOW HITPOINT WARNING * * *
Your bat skeleton hits the quokka but does no damage.
Your bat skeleton closely misses the quokka.
Your frilled lizard skeleton bites the quokka but does no damage.
Your bat skeleton barely misses the quokka.
Your bat skeleton barely misses the quokka.
Your bat skeleton closely misses the quokka.
The quokka bites you.
You die...

.......#..# ###..............
...######.######[...#...........#
...## #.........#####..........#
>...# #........# #...........
....# #........# ##..≈≈≈.≈≈≈..
....# #........# ##..≈≈♣....≈≈.
...## ####...######..≈≈..8....≈≈
..## #...Z.r...#.≈≈.♣.......≈ ###
#....Z.@..#.≈...........
...............#.≈........8..
...............#.≈≈..8.<....≈
............(.....≈≈..♣....≈≈
...............##..≈≈.....≈≈.
...............###..≈≈≈≈≈≈≈..
...............#............#
####...........#...........##
........#####


You could see a quokka (ally target), a friendly frilled lizard skeleton and a
friendly bat skeleton.

Vanquished Creatures
  A bat (D:1)
  A goblin (D:1)
  2 frilled lizards (D:1)
  A rat (D:1)
5 creatures vanquished.

Vanquished Creatures (collateral kills)
  A rat (D:1)
1 creature vanquished.

Grand Total: 6 creatures vanquished

Notes
Turn   | Place    | Note
-------+----------+-------------------------------------------
     0 | D:1      | notmuch the Human Necromancer began the quest for the Orb.
     0 | D:1      | Reached XP level 1. HP: 13/13 MP: 3/3
   197 | D:1      | Slain by a quokka

Illustrated notes

Levels and vault maps discovered:
D:1:      moated_graveyard_arrival, layout_rooms, wad_floor_pattern_untrapped

Action                     || total
---------------------------++-------
   Cast: Necrotise         ||     6
    Use: Scroll            ||     1
 Armour: Robe              ||     3
  Dodge: Dodged            ||     2

Table legend: (Time is in decaauts)
 A = Elapsed time spent in this place.
 B = Non-inter-level travel time spent in this place.
 C = Inter-level travel time spent in this place.
 D = Time resting spent in this place.
 E = Time spent auto-exploring this place.
 F = Levels seen in this place.
 G = Mean time per level.
                   A        B        C        D        E       F      G
               +--------+--------+--------+--------+--------+-----+--------+
         Total |    197 |    197 |      0 |      0 |      4 |   1 |  197.0 |
       Dungeon |    197 |    197 |      0 |      0 |      4 |   1 |  197.0 |
               +--------+--------+--------+--------+--------+-----+--------+

Top non-repeatable levels by time:
     D:1: 197 daAuts
